General information
			
			
        
        - name: BNet
 
        - type: Ladder team game (AT/RT)
 
        - host: Battle.net
 
        - saver: Juggernaut_
 
        
map: DragonFalls 
        - players: 8
 
        - length: 40:17
 
        - speed: Fast
 - version: 1.26 W3XP
 - replay type:  Public
 
» download(308 KB)
Players
        team 1 (loser) 
              
              
burtmacklin-fbi (
orange | 80 APM | 3167 actions | 39:47)
              
 6 Archmage 
 3 Summon Water Elemental
 2 Brilliance Aura
 1 Mass Teleport
 8 Mountain King 
 3 Storm Bolt
 3 Bash
 1 Avatar
 1 Thunder Clap
 
                » actions 
                
                | Assign group hotkey | 49 |  | 
| Basic commands | 3 |  | 
| Build / train | 112 |  | 
| Enter build submenu | 45 |  | 
| Enter hero's abilities submenu | 14 |  | 
| Right click | 1610 |  | 
| Select / deselect | 521 |  | 
| Select group hotkey | 668 |  | 
| Use ability | 145 |  | 
                3167 total
 » units 
                
                | Peasant | 17 |  | 
| Footman | 6 |  | 
| Priest | 8 |  | 
| Knight | 7 |  | 
| Sorceress | 1 |  | 
| Dragonhawk Rider | 4 |  | 
| Gryphon Rider | 1 |  | 
                44 total
 » upgrades
                
                | Masonry | 3 |  | 
| Animal War Training | 1 |  | 
| Plating | 3 |  | 
| Swords | 3 |  | 
| Priest Training | 2 |  | 
| Lumber Harvesting | 2 |  | 
| Magic Sentry | 1 |  | 
| Cloud | 1 |  | 
| Armor | 3 |  | 
| Storm Hammers | 1 |  | 
                20 total
 » buildings
                
                | Altar of Kings | 1 |  | 
| Barracks | 2 |  | 
| Farm | 14 |  | 
| Scout Tower | 14 |  | 
| Arcane Tower | 4 |  | 
| Arcane Vault | 2 |  | 
| Lumber Mill | 1 |  | 
| Town Hall | 2 |  | 
| Keep | 1 |  | 
| Guard Tower | 10 |  | 
| Blacksmith | 1 |  | 
| Arcane Sanctum | 2 |  | 
| Castle | 1 |  | 
| Gryphon Aviary | 3 |  | 
                58 total
 » build order
                00:09 Altar of Kings
00:22 Barracks
00:35 Farm
00:51 Farm
01:34 Scout Tower
02:00 Farm
02:04 Arcane Tower
02:34 Arcane Vault
03:49 Lumber Mill
04:18 Farm
05:23 Town Hall
05:26 Scout Tower
05:34 Scout Tower
05:36 Scout Tower
05:37 Scout Tower
05:40 Arcane Vault
05:48 Keep
05:53 Farm
06:05 Arcane Tower
06:07 Guard Tower
06:17 Guard Tower
06:27 Guard Tower
06:45 Blacksmith
08:04 Scout Tower
08:19 Arcane Sanctum
08:20 Arcane Sanctum
08:23 Castle
08:25 Barracks
08:57 Guard Tower
08:59 Farm
09:05 Farm
11:20 Farm
14:33 Farm
14:43 Farm
16:31 Scout Tower
16:33 Scout Tower
16:34 Scout Tower
16:39 Scout Tower
16:40 Scout Tower
17:12 Guard Tower
17:20 Guard Tower
17:25 Guard Tower
17:25 Guard Tower
18:16 Scout Tower
19:06 Farm
19:08 Farm
19:14 Farm
20:19 Gryphon Aviary
20:22 Gryphon Aviary
20:26 Gryphon Aviary
21:02 Arcane Tower
23:47 Town Hall
24:01 Scout Tower
24:02 Scout Tower
24:20 Farm
26:02 Arcane Tower
26:03 Guard Tower
» items
                
                | Scroll of Regeneration | 4 |  | 
| Lesser Clarity Potion | 2 |  | 
| Potion of Healing | 4 |  | 
| Orb of Fire | 1 |  | 
| Staff of Sanctuary | 2 |  | 
| Scroll of Town Portal | 3 |  | 
                16 total
  
               
              
              
BestIsYetToCome (
blue | 110 APM | 4336 actions | 39:34)
              
 6 Priestess of the Moon 
 1 Searing Arrows
 2 Trueshot Aura
 2 Scout
 1 Starfall
 6 Keeper of the Grove 
 3 Entangling Roots
 2 Thorns Aura
 1 Tranquility
 
                » actions 
                
                | Assign group hotkey | 1154 |  | 
| Basic commands | 335 |  | 
| Build / train | 122 |  | 
| Enter build submenu | 33 |  | 
| Enter hero's abilities submenu | 12 |  | 
| Give item / drop item | 5 |  | 
| Remove unit from queue | 8 |  | 
| Right click | 1400 |  | 
| Select / deselect | 518 |  | 
| Select group hotkey | 591 |  | 
| Use ability | 158 |  | 
                4336 total
 » units 
                
                | Wisp | 28 |  | 
| Archer | 19 |  | 
| Hippogryph | 8 |  | 
| Dryad | 14 |  | 
| Goblin Shredder | 1 |  | 
                70 total
 » upgrades
                
                | Improved Bows | 1 |  | 
| Hippogryph Taming | 1 |  | 
| Strength of the Moon | 2 |  | 
| Marksmanship | 1 |  | 
| Strength of the Wild | 3 |  | 
| Abolish Magic | 1 |  | 
| Reinforced Hides | 2 |  | 
| Well Spring | 0 |  | 
                11 total
 » buildings
                
                | Altar of Elders | 1 |  | 
| Moon Well | 6 |  | 
| Ancient of War | 4 |  | 
| Tree of Ages | 2 |  | 
| Tree of Life | 3 |  | 
| Hunter's Hall | 1 |  | 
| Ancient of Wind | 2 |  | 
| Ancient of Wonders | 1 |  | 
| Tree of Eternity | 1 |  | 
| Ancient Protector | 5 |  | 
| Ancient of Lore | 5 |  | 
                31 total
 » build order
                00:11 Altar of Elders
00:22 Moon Well
00:42 Ancient of War
01:27 Moon Well
02:45 Tree of Ages
02:45 Tree of Ages
04:01 Tree of Life
04:11 Moon Well
04:13 Hunter's Hall
05:09 Ancient of Wind
05:30 Ancient of Wind
07:54 Ancient of War
08:23 Ancient of Wonders
08:27 Moon Well
09:05 Ancient of War
09:13 Ancient of War
11:18 Tree of Eternity
11:38 Moon Well
16:31 Ancient Protector
17:02 Ancient Protector
17:57 Ancient Protector
18:55 Ancient of Lore
19:05 Ancient of Lore
21:18 Ancient of Lore
21:23 Ancient of Lore
23:36 Ancient of Lore
24:10 Moon Well
24:15 Ancient Protector
24:23 Tree of Life
25:07 Ancient Protector
34:14 Tree of Life
» items
                
                | Scroll of Town Portal | 4 |  | 
| Orb of Venom | 1 |  | 
| Potion of Healing | 3 |  | 
| Staff of Preservation | 1 |  | 
| Boots of Speed | 1 |  | 
| Staff of Teleportation | 1 |  | 
                11 total
  
               
              
              
KillwaR (
green | 41 APM | 1626 actions | 39:49)
              
 5 Far Seer 
 3 Feral Spirit
 2 Chain Lighting
 
                » actions 
                
                | Assign group hotkey | 43 |  | 
| Basic commands | 88 |  | 
| Build / train | 71 |  | 
| ESC pressed | 2 |  | 
| Enter build submenu | 30 |  | 
| Enter hero's abilities submenu | 5 |  | 
| Give item / drop item | 3 |  | 
| Right click | 596 |  | 
| Select / deselect | 409 |  | 
| Select group hotkey | 251 |  | 
| Use ability | 128 |  | 
                1626 total
 » units 
                
                | Peon | 16 |  | 
| Troll Headhunter/Berserker | 14 |  | 
| Raider | 20 |  | 
                50 total
 » upgrades
                
                | Ranged Weapons | 2 |  | 
| Armor | 2 |  | 
| Spiked Barricades | 1 |  | 
| Troll Regeneration | 1 |  | 
| Melee Weapons | 2 |  | 
| Ensnare | 1 |  | 
                9 total
 » buildings
                
                | Altar of Storms | 2 |  | 
| Orc Burrow | 10 |  | 
| War Mill | 3 |  | 
| Barracks | 1 |  | 
| Watch Tower | 5 |  | 
| Stronghold | 1 |  | 
| Beastiary | 2 |  | 
| Great Hall | 2 |  | 
                26 total
 » build order
                00:10 Altar of Storms
00:13 Orc Burrow
01:07 War Mill
01:31 Barracks
02:28 Watch Tower
03:01 Watch Tower
03:27 Orc Burrow
03:29 Orc Burrow
05:07 Stronghold
06:08 Orc Burrow
07:41 Beastiary
07:42 Beastiary
08:55 Orc Burrow
12:27 Orc Burrow
13:15 Orc Burrow
16:33 Watch Tower
16:37 Watch Tower
16:37 Watch Tower
22:56 Great Hall
23:51 War Mill
25:54 Great Hall
28:55 Orc Burrow
31:38 War Mill
31:39 Orc Burrow
35:47 Altar of Storms
37:00 Orc Burrow
» items
                
                | Scroll of Healing | 1 |  | 
| Circlet of Nobility | 1 |  | 
| Potion of Lesser Invulnerability | 1 |  | 
| Scroll of Town Portal | 2 |  | 
                5 total
  
               
              
              
SmUrF (
pink | 20 APM | 806 actions | 40:16)
              
 7 Warden 
 2 Fan of Knives
 1 Blink
 2 Shadow Strike
 2 Spirit of Vengeance
 
                » actions 
                
                | Basic commands | 210 |  | 
| Build / train | 122 |  | 
| Enter build submenu | 33 |  | 
| Enter hero's abilities submenu | 6 |  | 
| Right click | 4 |  | 
| Select / deselect | 321 |  | 
| Use ability | 110 |  | 
                806 total
 » units 
                
                | Wisp | 36 |  | 
| Archer | 17 |  | 
| Huntress | 14 |  | 
| Faerie Dragon | 16 |  | 
| Chimaera | 15 |  | 
                98 total
 » upgrades
                
                | Strength of the Moon | 2 |  | 
| Moon Armor | 1 |  | 
| Upgrade Moon Glaive | 1 |  | 
| Strength of the Wild | 1 |  | 
| Reinforced Hides | 1 |  | 
| Corrosive Breath | 1 |  | 
| Ultravision | 1 |  | 
                8 total
 » buildings
                
                | Altar of Elders | 1 |  | 
| Moon Well | 9 |  | 
| Ancient of War | 2 |  | 
| Ancient of Wonders | 2 |  | 
| Hunter's Hall | 1 |  | 
| Tree of Life | 6 |  | 
| Tree of Ages | 2 |  | 
| Ancient of Wind | 3 |  | 
| Tree of Eternity | 1 |  | 
| Chimaera Roost | 3 |  | 
| Ancient Protector | 1 |  | 
                31 total
 » build order
                00:19 Altar of Elders
00:31 Moon Well
01:10 Ancient of War
01:38 Ancient of Wonders
01:53 Moon Well
02:13 Ancient of War
03:09 Moon Well
03:48 Hunter's Hall
05:31 Tree of Life
05:57 Tree of Ages
06:24 Moon Well
06:37 Moon Well
07:27 Moon Well
09:02 Ancient of Wind
09:07 Tree of Eternity
11:16 Moon Well
13:06 Chimaera Roost
13:11 Chimaera Roost
13:15 Chimaera Roost
13:22 Moon Well
13:25 Moon Well
17:06 Tree of Life
18:54 Tree of Life
19:15 Tree of Life
23:13 Tree of Life
23:43 Ancient of Wonders
23:47 Tree of Ages
26:13 Ancient of Wind
26:22 Ancient of Wind
27:14 Ancient Protector
31:49 Tree of Life
» items
                
                | Lesser Clarity Potion | 1 |  | 
| Potion of Healing | 2 |  | 
| Scroll of Town Portal | 1 |  | 
| Potion of Mana | 1 |  | 
                5 total
  
               team 2 (winner) 
              
              
user222 (
yellow | 122 APM | 4895 actions | 40:17)
              
 8 Archmage 
 3 Summon Water Elemental
 3 Brilliance Aura
 1 Mass Teleport
 1 Blizzard
 8 Mountain King 
 3 Storm Bolt
 3 Bash
 1 Avatar
 1 Thunder Clap
 4 Paladin 
 2 Holy Light
 2 Divine Shield
 
                » actions 
                
                | Assign group hotkey | 57 |  | 
| Basic commands | 185 |  | 
| Build / train | 129 |  | 
| ESC pressed | 13 |  | 
| Enter build submenu | 37 |  | 
| Enter hero's abilities submenu | 20 |  | 
| Give item / drop item | 2 |  | 
| Right click | 2630 |  | 
| Select / deselect | 869 |  | 
| Select group hotkey | 606 |  | 
| Use ability | 347 |  | 
                4895 total
 » units 
                
                | Peasant | 24 |  | 
| Footman | 5 |  | 
| Rifleman | 4 |  | 
| Flying Machine | 9 |  | 
| Sorceress | 5 |  | 
| Gryphon Rider | 5 |  | 
| Spell Breaker | 3 |  | 
| Priest | 1 |  | 
                56 total
 » upgrades
                
                | Swords | 3 |  | 
| Long Rifles | 1 |  | 
| Lumber Harvesting | 2 |  | 
| Plating | 1 |  | 
| Defend | 1 |  | 
| Flak Cannons | 1 |  | 
| Storm Hammers | 1 |  | 
| Animal War Training | 1 |  | 
| Magic Sentry | 1 |  | 
                12 total
 » buildings
                
                | Altar of Kings | 1 |  | 
| Barracks | 1 |  | 
| Farm | 10 |  | 
| Blacksmith | 1 |  | 
| Scout Tower | 8 |  | 
| Arcane Tower | 1 |  | 
| Arcane Vault | 1 |  | 
| Town Hall | 2 |  | 
| Keep | 1 |  | 
| Lumber Mill | 2 |  | 
| Castle | 1 |  | 
| Gryphon Aviary | 2 |  | 
| Workshop | 3 |  | 
| Arcane Sanctum | 3 |  | 
| Guard Tower | 1 |  | 
                38 total
 » build order
                00:13 Altar of Kings
00:15 Barracks
00:17 Farm
00:57 Farm
01:49 Blacksmith
01:56 Scout Tower
02:32 Farm
02:33 Arcane Tower
03:23 Arcane Vault
03:34 Farm
04:37 Farm
05:30 Town Hall
06:47 Keep
07:03 Scout Tower
07:05 Scout Tower
07:18 Farm
07:51 Lumber Mill
09:32 Castle
09:40 Gryphon Aviary
09:42 Gryphon Aviary
11:12 Workshop
11:14 Workshop
11:17 Workshop
11:19 Arcane Sanctum
11:51 Guard Tower
14:18 Farm
16:04 Farm
18:47 Arcane Sanctum
18:49 Arcane Sanctum
19:44 Lumber Mill
22:09 Farm
22:49 Farm
24:33 Scout Tower
24:35 Scout Tower
24:37 Scout Tower
24:37 Scout Tower
24:39 Scout Tower
37:03 Town Hall
» items
                
                | Scroll of Regeneration | 5 |  | 
| Potion of Lesser Invulnerability | 3 |  | 
| Scroll of Town Portal | 11 |  | 
| Potion of Healing | 4 |  | 
| Orb of Fire | 1 |  | 
| Potion of Mana | 1 |  | 
| Scroll of Protection | 3 |  | 
| Periapt of Vitality | 2 |  | 
| Boots of Speed | 2 |  | 
                32 total
  
               
              
              
Ididitagain (
purple | 62 APM | 949 actions | 15:23)
              
 4 Mountain King 
 2 Storm Bolt
 2 Bash
 1 Paladin 
 1 Holy Light
 1 Archmage 
 1 Summon Water Elemental
 
                » actions 
                
                | Assign group hotkey | 21 |  | 
| Build / train | 56 |  | 
| Enter build submenu | 22 |  | 
| Enter hero's abilities submenu | 6 |  | 
| Right click | 289 |  | 
| Select / deselect | 236 |  | 
| Select group hotkey | 271 |  | 
| Use ability | 48 |  | 
                949 total
 » units 
                
                | Peasant | 22 |  | 
| Footman | 9 |  | 
| Dragonhawk Rider | 5 |  | 
| Gryphon Rider | 1 |  | 
| Goblin Shredder | 1 |  | 
                38 total
 » upgrades
                
                | Swords | 1 |  | 
| Lumber Harvesting | 2 |  | 
| Animal War Training | 1 |  | 
                4 total
 » buildings
                
                | Farm | 12 |  | 
| Barracks | 1 |  | 
| Altar of Kings | 1 |  | 
| Town Hall | 1 |  | 
| Keep | 1 |  | 
| Lumber Mill | 1 |  | 
| Blacksmith | 1 |  | 
| Arcane Vault | 1 |  | 
| Gryphon Aviary | 2 |  | 
| Castle | 1 |  | 
                22 total
 » build order
                00:13 Farm
00:19 Barracks
00:35 Altar of Kings
00:54 Farm
01:32 Farm
02:13 Farm
04:21 Town Hall
05:06 Keep
05:31 Lumber Mill
05:35 Blacksmith
05:43 Arcane Vault
06:59 Farm
07:04 Farm
07:45 Farm
07:48 Gryphon Aviary
07:52 Gryphon Aviary
08:38 Farm
08:47 Castle
09:29 Farm
09:34 Farm
09:36 Farm
11:04 Farm
» items
                
                | Orb of Fire | 1 |  | 
| Potion of Healing | 1 |  | 
| Scroll of Regeneration | 1 |  | 
                3 total
  
               
              
              
Juggernaut_ (
red | 65 APM | 2627 actions | 40:17)
              
 10 Blademaster 
 3 Wind Walk
 3 Critical Strike
 1 Bladestorm
 3 Mirror Image
 
                » actions 
                
                | Assign group hotkey | 122 |  | 
| Basic commands | 43 |  | 
| Build / train | 90 |  | 
| Enter build submenu | 64 |  | 
| Enter hero's abilities submenu | 10 |  | 
| Give item / drop item | 7 |  | 
| Remove unit from queue | 1 |  | 
| Right click | 1139 |  | 
| Select / deselect | 505 |  | 
| Select group hotkey | 375 |  | 
| Use ability | 271 |  | 
                2627 total
 » units 
                
                | Peon | 8 |  | 
| Grunt | 4 |  | 
| Goblin Shredder | 1 |  | 
| Goblin Zeppelin | 3 |  | 
| Troll Batrider | 9 |  | 
| Green Dragon | 3 |  | 
| Wind Rider | 4 |  | 
| Goblin Sapper | 2 |  | 
                34 total
 » upgrades
                
                | Ranged Weapons | 3 |  | 
| Reinforced Defenses | 1 |  | 
| Liquid Fire | 1 |  | 
| Armor | 4 |  | 
| Troll Regeneration | 1 |  | 
| Envenomed Spears | 1 |  | 
                11 total
 » buildings
                
                | Orc Burrow | 6 |  | 
| Altar of Storms | 1 |  | 
| Barracks | 1 |  | 
| Voodoo Lounge | 1 |  | 
| Stronghold | 1 |  | 
| War Mill | 1 |  | 
| Great Hall | 4 |  | 
| Watch Tower | 42 |  | 
| Fortress | 1 |  | 
| Beastiary | 4 |  | 
                62 total
 » build order
                00:21 Orc Burrow
01:00 Altar of Storms
01:02 Barracks
01:15 Orc Burrow
01:51 Voodoo Lounge
03:21 Stronghold
04:06 War Mill
04:24 Orc Burrow
04:29 Orc Burrow
05:11 Great Hall
05:35 Watch Tower
05:39 Watch Tower
05:51 Watch Tower
06:49 Watch Tower
07:40 Great Hall
07:43 Watch Tower
07:43 Watch Tower
07:44 Watch Tower
07:44 Watch Tower
08:01 Watch Tower
08:04 Watch Tower
08:05 Watch Tower
08:51 Watch Tower
08:53 Fortress
09:24 Watch Tower
09:27 Watch Tower
11:00 Beastiary
11:02 Beastiary
11:05 Beastiary
11:07 Beastiary
11:15 Watch Tower
11:16 Watch Tower
16:41 Watch Tower
16:43 Watch Tower
16:46 Watch Tower
16:47 Watch Tower
16:49 Watch Tower
19:08 Watch Tower
19:09 Watch Tower
19:13 Watch Tower
26:42 Great Hall
26:51 Watch Tower
26:51 Watch Tower
26:51 Watch Tower
28:22 Watch Tower
28:22 Watch Tower
28:22 Watch Tower
29:02 Orc Burrow
29:06 Orc Burrow
31:34 Watch Tower
31:36 Watch Tower
31:38 Watch Tower
31:40 Watch Tower
37:54 Great Hall
37:56 Watch Tower
37:56 Watch Tower
37:57 Watch Tower
37:57 Watch Tower
39:39 Watch Tower
39:39 Watch Tower
39:40 Watch Tower
39:41 Watch Tower
» items
                
                | Healing Salve | 5 |  | 
| Scroll of Regeneration | 2 |  | 
| Mechanical Critter | 3 |  | 
| Staff of Teleportation | 1 |  | 
| Potion of Healing | 3 |  | 
| Potion of Mana | 3 |  | 
| Lesser Clarity Potion | 3 |  | 
| Scroll of Town Portal | 8 |  | 
| Orb of Lightning | 1 |  | 
| Periapt of Vitality | 1 |  | 
| Potion of Lesser Invulnerability | 1 |  | 
                31 total
  
               
              
              
UareBADggLOSER (
teal | 33 APM | 1120 actions | 33:50)
              
 6 Mountain King 
 3 Storm Bolt
 2 Bash
 1 Avatar
 3 Archmage 
 2 Summon Water Elemental
 1 Blizzard
 1 Dark Ranger 
 1 Black Arrow
 
                » actions 
                
                | Assign group hotkey | 21 |  | 
| Basic commands | 69 |  | 
| Build / train | 69 |  | 
| Enter build submenu | 36 |  | 
| Enter hero's abilities submenu | 11 |  | 
| Give item / drop item | 1 |  | 
| Remove unit from queue | 3 |  | 
| Right click | 428 |  | 
| Select / deselect | 220 |  | 
| Select group hotkey | 186 |  | 
| Use ability | 76 |  | 
                1120 total
 » units 
                
                | Peasant | 17 |  | 
| Footman | 4 |  | 
| Rifleman | 1 |  | 
| Knight | 4 |  | 
                26 total
 » upgrades
                
                | Swords | 2 |  | 
| Plating | 2 |  | 
| Masonry | 3 |  | 
| Lumber Harvesting | 2 |  | 
| Animal War Training | 1 |  | 
                10 total
 » buildings
                
                | Altar of Kings | 1 |  | 
| Farm | 9 |  | 
| Barracks | 3 |  | 
| Arcane Vault | 1 |  | 
| Scout Tower | 13 |  | 
| Blacksmith | 1 |  | 
| Lumber Mill | 1 |  | 
| Keep | 1 |  | 
| Guard Tower | 6 |  | 
| Arcane Tower | 2 |  | 
| Castle | 1 |  | 
| Town Hall | 3 |  | 
                42 total
 » build order
                00:28 Altar of Kings
00:37 Farm
00:58 Barracks
01:14 Farm
01:37 Arcane Vault
01:54 Scout Tower
02:25 Scout Tower
02:43 Scout Tower
02:56 Scout Tower
03:19 Scout Tower
03:25 Scout Tower
03:53 Blacksmith
04:00 Farm
04:37 Farm
04:54 Scout Tower
05:41 Farm
05:46 Scout Tower
05:50 Scout Tower
06:03 Lumber Mill
06:20 Farm
06:25 Farm
06:33 Scout Tower
06:44 Keep
07:22 Scout Tower
07:25 Scout Tower
07:28 Scout Tower
07:30 Guard Tower
07:48 Guard Tower
08:23 Barracks
08:26 Guard Tower
08:31 Arcane Tower
08:45 Guard Tower
09:30 Barracks
09:34 Castle
09:41 Guard Tower
09:43 Guard Tower
11:09 Farm
11:14 Arcane Tower
11:59 Farm
17:55 Town Hall
23:00 Town Hall
23:23 Town Hall
» items
                
                | Boots of Speed | 1 |  | 
| Scroll of Protection | 1 |  | 
| Circlet of Nobility | 1 |  | 
| Orb of Fire | 1 |  | 
| Scroll of Regeneration | 2 |  | 
| Lesser Clarity Potion | 1 |  | 
| Scroll of Town Portal | 1 |  | 
                8 total
  
                Chat log
          (00:27 / Allies) Ididitagain: air mk hero
(00:42 / Allies) Ididitagain: teal can u help me expand?
(00:45 / Allies) UareBADggLOSER: mk here too
(01:21 / All) burtmacklin-fbi: bl dhf
(01:42 / All) Juggernaut_: Same to you, hope you break your fingers while playing so you lose
(01:49 / All) burtmacklin-fbi: diaf.
(01:49 / All) KillwaR: JEEZ
(01:52 / All) KillwaR: Calm down bro
(02:03 / All) Juggernaut_: I am calm, I just wanna win bro
(02:10 / All) burtmacklin-fbi: die in a fire.
(02:10 / All) KillwaR: dont call me bro
(02:18 / All) Juggernaut_: K buddy
(02:23 / All) KillwaR: CHIEF
(02:26 / All) Juggernaut_: Pal
(02:35 / All) KillwaR: gaylord
(02:39 / All) Juggernaut_: Fagmaster
(02:41 / Allies) Ididitagain: teal
(02:47 / All) KillwaR: opuch
(02:52 / All) KillwaR: im out
(03:50 / Allies) Ididitagain: take teal
(03:57 / Allies) Ididitagain: the chest
(06:02 / Allies) Ididitagain: omw
(06:03 / All) Juggernaut_: nice mh
(06:07 / All) BestIsYetToCome: o plz
(06:46 / Allies) Ididitagain: he is gonna appear soon
(06:54 / Allies) Ididitagain: nm
(08:33 / All) Ididitagain: lol nice pink
(12:30 / Allies) UareBADggLOSER: come now
(12:52 / Allies) Ididitagain: im in bad shape
(13:08 / Allies) Juggernaut_: getting bts now
(14:18 / Allies) Juggernaut_: one of them has mh
(14:29 / Allies) Juggernaut_: tehy picked softest target
(15:29 / All) burtmacklin-fbi: oops.
(20:28 / Allies) Juggernaut_: hit orange expo
(20:29 / Allies) Juggernaut_: middle
(24:05 / Allies) UareBADggLOSER: ty ty
(24:51 / Allies) user222: unit
(26:37 / Allies) Juggernaut_: Tp ytellow or sacrifice?
(27:01 / Allies) Juggernaut_: next base
(27:57 / All) UareBADggLOSER: gg yall suck dick hahaha
(28:01 / Allies) Juggernaut_: out
(28:01 / Allies) Juggernaut_: out
(28:02 / Allies) Juggernaut_: out
(28:03 / Allies) Juggernaut_: out
(28:03 / Allies) Juggernaut_: out
(28:04 / Allies) Juggernaut_: out
(28:04 / Allies) Juggernaut_: out
(28:05 / Allies) Juggernaut_: out
(28:06 / Allies) Juggernaut_: out
(28:30 / Allies) UareBADggLOSER: but really
(28:33 / Allies) UareBADggLOSER: we lost guys
(28:36 / Allies) UareBADggLOSER: 2 v 4
(28:44 / Allies) Juggernaut_: not over
(28:46 / Allies) Juggernaut_: patrol expos
(28:50 / Allies) UareBADggLOSER: hes got chims pumpin
(29:16 / Allies) Juggernaut_: tp 
(29:37 / Allies) user222: hero
(29:43 / Allies) user222: hero
(29:44 / Allies) user222: unit
(31:12 / Allies) Juggernaut_: b
(31:14 / Allies) Juggernaut_: b
(32:02 / Allies) user222: hero
(32:36 / Allies) user222: hero
(32:44 / Allies) Juggernaut_: i'm out
(33:45 / Allies) UareBADggLOSER: gg you all suck
(34:02 / Allies) user222: retake bottom
(34:56 / Allies) user222: hero
(38:38 / Allies) Juggernaut_: orange mk
(38:42 / Allies) Juggernaut_: when we can
(39:32 / All) BestIsYetToCome: gg
(39:46 / Allies) user222: gj
(40:00 / All) Juggernaut_: Dragonmaster
(40:08 / All) SmUrF: fun game